TOP OF THE 1ST |
Wichita Outriders batting - Pitching for Rappahannock Partisans : RHP Jim Unknown
|
Pitching: RHP Jim Unknown
|
|
Batting: RHB Jorge Vázquez
|
0-0: Called Strike 0-1: Ground out 5-3 (Groundball, 5S)
|
Batting: SHB Jim Unknown
|
0-0: Ball 1-0: Called Strike 1-1: Ball 2-1: Ball 3-1: Fly out, F8 (Flyball, 8LXD)
|
Batting: LHB Herman Gilliland
|
0-0: Foul Ball, location: 2F 0-1: Ball 1-1: Ball 2-1: Foul Ball, location: 2F 2-2: Foul Ball, location: 2F 2-2: Foul Ball, location: 2F 2-2: Foul Ball, location: 2F 2-2: SINGLE (Groundball, 34D)
|
Batting: RHB Ron Humboldt
|
0-0: Swinging Strike 0-1: Swinging Strike 0-2: Ball 1-2: Strikes out looking
|
Top of the 1st over - 0 run(s), 1 hit(s), 0 error(s), 1 left on base; Wichita 0 - Rappahannock 0 |
BOTTOM OF THE 1ST |
Rappahannock Partisans batting - Pitching for Wichita Outriders : RHP Jim Unknown
|
Pitching: RHP Jim Unknown
|
|
Batting: RHB Bill Taylor
|
0-0: Called Strike 0-1: Ball 1-1: Swinging Strike 1-2: Foul Ball, location: 2F 1-2: Ball 2-2: SOLO HOME RUN (Flyball, 7D), Distance : 382 ft
|
Batting: LHB Alfonso López
|
0-0: Ground out 4-3 (Groundball, 4)
|
Batting: RHB San-gui Liang
|
0-0: Called Strike 0-1: Swinging Strike 0-2: Foul Ball, location: 2F 0-2: SINGLE (Groundball, 34D)
|
Batting: RHB José Mata
|
0-0: Called Strike 0-1: Ball Throwing error on steal attempt, E2 San-gui Liang to third 1-1: Ball 2-1: Ball 3-1: Ground out 6-3 (Groundball, 6) San-gui Liang scores
|
Batting: RHB Cipriano Oliveira
|
0-0: SINGLE (Line Drive, 89S)
|
Batting: RHB Tom Baker
|
0-0: Fly out, F9 (Line Drive, 89M)
|
Bottom of the 1st over - 2 run(s), 3 hit(s), 1 error(s), 1 left on base; Wichita 0 - Rappahannock 2 |
TOP OF THE 2ND |
Wichita Outriders batting - Pitching for Rappahannock Partisans : RHP Jim Unknown
|
Batting: RHB Jim Unknown
|
0-0: Called Strike 0-1: Swinging Strike 0-2: Ball 1-2: Ball 2-2: Foul Ball, location: 2F 2-2: Ball 3-2: Foul Ball, location: 2F 3-2: Fly out, F9 (Flyball, 9D)
|
Batting: RHB Jim Unknown
|
0-0: Swinging Strike 0-1: Ball 1-1: Swinging Strike 1-2: Ball 2-2: Ball 3-2: Base on Balls
|
Batting: RHB Christian O'Neal
|
0-0: Ball 1-0: Foul Ball, location: 2F 1-1: Ball 2-1: Ball 3-1: 2-RUN HOME RUN (Line Drive, 7D), Distance : 382 ft
|
Batting: RHB Jim Unknown
|
0-0: Ball 1-0: Foul Ball, location: 2F 1-1: Ball 2-1: Called Strike 2-2: Ball 3-2: Strikes out swinging
|
Batting: RHB Jorge Rocha
|
0-0: Ball 1-0: Ball 2-0: Fly out, F8 (Flyball, 8LS)
|
Top of the 2nd over - 2 run(s), 1 hit(s), 0 error(s), 0 left on base; Wichita 2 - Rappahannock 2 |
BOTTOM OF THE 2ND |
Rappahannock Partisans batting - Pitching for Wichita Outriders : RHP Jim Unknown
|
Batting: LHB Marvin von Seydlitz
|
0-0: Ball 1-0: Fly out, F9 (Line Drive, 9LM)
|
Batting: LHB Miguel Mendoza
|
0-0: Ball 1-0: SINGLE (Line Drive, 9LS)
|
Batting: RHB Ángel Ruezga
|
0-0: Ball 1-0: Swinging Strike 1-1: Grounds into double play, 4-6-3 (Groundball, 4)
|
Bottom of the 2nd over - 0 run(s), 1 hit(s), 0 error(s), 0 left on base; Wichita 2 - Rappahannock 2 |
TOP OF THE 3RD |
Wichita Outriders batting - Pitching for Rappahannock Partisans : RHP Jim Unknown
|
Batting: RHB Jorge Vázquez
|
0-0: Ball 1-0: Called Strike 1-1: Swinging Strike 1-2: Strikes out swinging
|
Batting: SHB Jim Unknown
|
0-0: Foul Ball, location: 2F 0-1: SINGLE (Groundball, 5D)
|
Batting: LHB Herman Gilliland
|
0-0: Called Strike 0-1: Ball 1-1: Foul Ball, location: 2F 1-2: Ball 2-2: Strikes out swinging
|
Batting: RHB Ron Humboldt
|
0-0: Ball 1-0: Foul Ball, location: 2F 1-1: Ball 2-1: Ball 3-1: Foul Ball, location: 2F 3-2: Ground out 5-3 (Groundball, 56)
|
Top of the 3rd over - 0 run(s), 1 hit(s), 0 error(s), 1 left on base; Wichita 2 - Rappahannock 2 |
BOTTOM OF THE 3RD |
Rappahannock Partisans batting - Pitching for Wichita Outriders : RHP Jim Unknown
|
Batting: RHB Bill Taylor
|
0-0: Ball 1-0: Foul Ball, location: 2F 1-1: Ball 2-1: Ground out 5-3 (Groundball, 56)
|
Batting: LHB Alfonso López
|
0-0: Called Strike 0-1: Foul Ball, location: 2F 0-2: SINGLE (Groundball, 4M)
|
Batting: RHB San-gui Liang
|
0-0: Ball 1-0: Ball 2-0: Ball 3-0: Base on Balls Alfonso López to second
|
Batting: RHB José Mata
|
0-0: Swinging Strike 0-1: Called Strike 0-2: Strikes out swinging
|
Batting: RHB Cipriano Oliveira
|
0-0: Ball 1-0: Ball 2-0: Ball 3-0: Base on Balls Alfonso López to third San-gui Liang to second
|
Batting: RHB Tom Baker
|
0-0: Called Strike 0-1: Swinging Strike 0-2: Ball 1-2: Foul Ball, location: 2F 1-2: Ball 2-2: Strikes out swinging
|
Bottom of the 3rd over - 0 run(s), 1 hit(s), 0 error(s), 3 left on base; Wichita 2 - Rappahannock 2 |
TOP OF THE 4TH |
Wichita Outriders batting - Pitching for Rappahannock Partisans : RHP Jim Unknown
|
Batting: RHB Jim Unknown
|
0-0: Ball 1-0: DOUBLE (Groundball, 5L)
|
Batting: RHB Jim Unknown
|
0-0: Ball 1-0: Foul Ball, location: 2F 1-1: Fly out, F9 (Flyball, 9M)
|
Batting: RHB Christian O'Neal
|
0-0: Called Strike 0-1: Foul Ball, location: 2F 0-2: Ball 1-2: Foul Ball, location: 2F 1-2: Foul Ball, location: 2F 1-2: 2-RUN HOME RUN (Flyball, 89XD), Distance : 382 ft
|
Batting: RHB Jim Unknown
|
0-0: Ball 1-0: Swinging Strike 1-1: Swinging Strike 1-2: Strikes out swinging
|
Batting: RHB Jorge Rocha
|
0-0: Called Strike 0-1: Ball 1-1: Called Strike 1-2: Fly out, F6 (Line Drive, 6)
|
Top of the 4th over - 2 run(s), 2 hit(s), 0 error(s), 0 left on base; Wichita 4 - Rappahannock 2 |
BOTTOM OF THE 4TH |
Rappahannock Partisans batting - Pitching for Wichita Outriders : RHP Jim Unknown
|
Batting: LHB Marvin von Seydlitz
|
0-0: Hit by Pitch
|
Batting: LHB Miguel Mendoza
|
0-0: Foul Ball, location: 2F 0-1: Called Strike 0-2: Grounds into double play, 1-6-3 (Groundball, 13)
|
Batting: RHB Ángel Ruezga
|
0-0: Ball 1-0: Swinging Strike 1-1: Ball 2-1: Ball 3-1: Base on Balls
|
Batting: RHB Bill Taylor
|
0-0: Ball 1-0: Foul Ball, location: 2F 1-1: Ball 2-1: Called Strike 2-2: Ball Ángel Ruezga steals 2nd base 3-2: DOUBLE (Line Drive, 7LS) Ángel Ruezga scores
|
Batting: LHB Alfonso López
|
0-0: Ball 1-0: Ball 2-0: SINGLE (Line Drive, 89S) Bill Taylor to third Runner from 3rd tries for Home, SAFE, no throw or cutoff
|
Batting: RHB San-gui Liang
|
0-0: Ball 1-0: Foul Ball, location: 2F 1-1: Ball 2-1: Reached on error, E5 (Groundball, 56) Alfonso López to second
|
Batting: RHB José Mata
|
0-0: Foul Ball, location: 2F 0-1: Ground out 5-3 (Groundball, 56S)
|
Bottom of the 4th over - 2 run(s), 2 hit(s), 1 error(s), 2 left on base; Wichita 4 - Rappahannock 4 |
TOP OF THE 5TH |
Wichita Outriders batting - Pitching for Rappahannock Partisans : RHP Jim Unknown
|
Batting: RHB Jorge Vázquez
|
0-0: Ball 1-0: Ground out 6-3 (Groundball, 6MS)
|
Batting: SHB Jim Unknown
|
0-0: Ball 1-0: Called Strike 1-1: Called Strike 1-2: Strikes out looking
|
Batting: LHB Herman Gilliland
|
0-0: Called Strike 0-1: Foul Ball, location: 2F 0-2: Strikes out swinging
|
Top of the 5th over - 0 run(s), 0 hit(s), 0 error(s), 0 left on base; Wichita 4 - Rappahannock 4 |
BOTTOM OF THE 5TH |
Rappahannock Partisans batting - Pitching for Wichita Outriders : RHP Jim Unknown
|
Batting: RHB Cipriano Oliveira
|
0-0: DOUBLE (Flyball, 7D)
|
Batting: RHB Tom Baker
|
0-0: Called Strike 0-1: Ball 1-1: Called Strike 1-2: Strikes out swinging
|
Batting: LHB Marvin von Seydlitz
|
0-0: Called Strike 0-1: Ball Passed Ball! Cipriano Oliveira to third 1-1: Called Strike 1-2: Fly out, F9 (Flyball, 89M) Runner from 3rd tags up, SCORES, throw made
|
Batting: LHB Miguel Mendoza
|
0-0: Ball 1-0: Foul Ball, location: 2F 1-1: Called Strike 1-2: Ground out U3 (Groundball, 3S)
|
Bottom of the 5th over - 1 run(s), 1 hit(s), 0 error(s), 0 left on base; Wichita 4 - Rappahannock 5 |
TOP OF THE 6TH |
Wichita Outriders batting - Pitching for Rappahannock Partisans : RHP Jim Unknown
|
Batting: RHB Ron Humboldt
|
0-0: Called Strike 0-1: Called Strike 0-2: Foul Ball, location: 2F 0-2: Ball 1-2: Ball 2-2: Ball 3-2: Strikes out swinging
|
Batting: RHB Jim Unknown
|
0-0: Ball 1-0: Ball 2-0: Called Strike 2-1: Called Strike 2-2: Fly out, F8 (Flyball, 8RD)
|
Batting: RHB Jim Unknown
|
0-0: Foul Ball, location: 2F 0-1: Ground out 1-3 (Groundball, 13)
|
Top of the 6th over - 0 run(s), 0 hit(s), 0 error(s), 0 left on base; Wichita 4 - Rappahannock 5 |
BOTTOM OF THE 6TH |
Rappahannock Partisans batting - Pitching for Wichita Outriders : RHP Jim Unknown
|
Batting: RHB Ángel Ruezga
|
0-0: Ball 1-0: Swinging Strike 1-1: Fly out, F9 (Popup, 8RS)
|
Batting: RHB Bill Taylor
|
0-0: Called Strike 0-1: Foul Ball, location: 2F 0-2: Ball 1-2: Ball 2-2: Foul Ball, location: 2F 2-2: Foul Ball, location: 2F 2-2: Ground out 6-3 (Groundball, 6S)
|
Batting: LHB Alfonso López
|
0-0: Ball 1-0: Ball 2-0: Fly out, F4 (Popup, 4S)
|
Bottom of the 6th over - 0 run(s), 0 hit(s), 0 error(s), 0 left on base; Wichita 4 - Rappahannock 5 |
TOP OF THE 7TH |
Wichita Outriders batting - Pitching for Rappahannock Partisans : RHP Jim Unknown
|
Batting: RHB Christian O'Neal
|
0-0: Ball 1-0: Fly out, F8 (Flyball, 8LM)
|
Batting: RHB Jim Unknown
|
0-0: Ball 1-0: Called Strike 1-1: Ball 2-1: Ball 3-1: Base on Balls
|
Batting: RHB Jorge Rocha
|
0-0: Foul Ball, location: 2F 0-1: Ball 1-1: Fly out, F7 (Flyball, 7M)
|
Pitching: RHP Jon Shankle
|
|
Batting: RHB Jorge Vázquez
|
0-0: Fly out, F8 (Flyball, 8RM)
|
Top of the 7th over - 0 run(s), 0 hit(s), 0 error(s), 1 left on base; Wichita 4 - Rappahannock 5 |
BOTTOM OF THE 7TH |
Rappahannock Partisans batting - Pitching for Wichita Outriders : RHP Jim Unknown
|
Batting: RHB San-gui Liang
|
0-0: Swinging Strike 0-1: Ball 1-1: Called Strike 1-2: Ground out 5-3 (Groundball, 56)
|
Batting: RHB José Mata
|
0-0: Ball 1-0: Ball 2-0: Fly out, F8 (Line Drive, 8LM)
|
Batting: RHB Cipriano Oliveira
|
0-0: Swinging Strike 0-1: Ball 1-1: Foul Ball, location: 2F 1-2: Foul Ball, location: 2F 1-2: Ground out 6-3 (Groundball, 6M)
|
Bottom of the 7th over - 0 run(s), 0 hit(s), 0 error(s), 0 left on base; Wichita 4 - Rappahannock 5 |
TOP OF THE 8TH |
Wichita Outriders batting - Pitching for Rappahannock Partisans : RHP Jon Shankle
|
Pitching: RHP Bob Warford
|
|
Batting: SHB Jim Unknown
|
0-0: Called Strike 0-1: Foul Ball, location: 2F 0-2: Strikes out looking
|
Pitching: LHP Wyatt Watson
|
|
Batting: LHB Herman Gilliland
|
0-0: Hit by Pitch
|
Pitching: LHP Jim Unknown
|
|
Pinch Hitting: RHB Jim Unknown
|
0-0: Foul Ball, location: 2F 0-1: Foul Ball, location: 2F 0-2: Ball 1-2: Ball 2-2: Strikes out swinging
|
Batting: RHB Jim Unknown
|
0-0: Called Strike 0-1: Foul Ball, location: 2F 0-2: SINGLE (Groundball, 56D) Herman Gilliland to second
|
Batting: RHB Jim Unknown
|
0-0: Ball 1-0: Called Strike 1-1: Reached on error, E5 (Groundball, 5) Herman Gilliland to third Jim Unknown to second
|
Batting: RHB Christian O'Neal
|
0-0: Ball 1-0: Ball 2-0: Ball 3-0: Called Strike 3-1: Base on Balls Herman Gilliland scores Jim Unknown to third Jim Unknown to second
|
Batting: RHB Jim Unknown
|
0-0: Foul Ball, location: 2F 0-1: Ball 1-1: Ball 2-1: Ball 3-1: SINGLE (Flyball, 9LS) Jim Unknown scores Jim Unknown to third Christian O'Neal to second Runner from 3rd tries for Home, SAFE, throw made at trailing runner, OUT at third!
|
Top of the 8th over - 3 run(s), 2 hit(s), 1 error(s), 1 left on base; Wichita 7 - Rappahannock 5 |
BOTTOM OF THE 8TH |
Rappahannock Partisans batting - Pitching for Wichita Outriders : RHP Jim Unknown
|
Pitching: LHP Jim Unknown
|
|
Now at 2B: Jim Unknown
|
|
Batting: RHB Tom Baker
|
0-0: Ball 1-0: Called Strike 1-1: Called Strike 1-2: Ball 2-2: Strikes out swinging
|
Batting: LHB Marvin von Seydlitz
|
0-0: Ball 1-0: SINGLE (Groundball, 6D)
|
Batting: LHB Miguel Mendoza
|
0-0: Foul Ball, location: 2F 0-1: Ball 1-1: Fly out, F7 (Flyball, 7LM)
|
Batting: RHB Ángel Ruezga
|
0-0: Foul Ball, location: 2F 0-1: Swinging Strike 0-2: Ball 1-2: Foul Ball, location: 2F 1-2: Strikes out swinging
|
Bottom of the 8th over - 0 run(s), 1 hit(s), 0 error(s), 1 left on base; Wichita 7 - Rappahannock 5 |
TOP OF THE 9TH |
Wichita Outriders batting - Pitching for Rappahannock Partisans : LHP Jim Unknown
|
Pitching: RHP Lindsay Turner
|
|
Batting: RHB Jorge Rocha
|
0-0: Called Strike 0-1: DOUBLE (Flyball, 89M)
|
Batting: RHB Jorge Vázquez
|
0-0: Foul Ball, location: 2F 0-1: Ball 1-1: Foul Ball, location: 2F 1-2: Ball 2-2: Foul Ball, location: 2F 2-2: Foul Ball, location: 2F 2-2: Ball 3-2: Base on Balls
|
Batting: SHB Jim Unknown
|
0-0: Called Strike 0-1: Foul Ball, location: 2F 0-2: Fly out, F6 (Line Drive, 6)
|
Batting: LHB Herman Gilliland
|
0-0: Ball 1-0: Ball 2-0: Ball 3-0: Base on Balls Jorge Rocha to third Jorge Vázquez to second
|
Batting: RHB Jim Unknown
|
0-0: Ball 1-0: Called Strike 1-1: Ball 2-1: Fly out, F9 (Line Drive, 9M) Runner from 3rd tags up, SCORES, throw made
|
Pitching: RHP Donald Hutchinson
|
|
Batting: RHB Jim Unknown
|
0-0: Ball 1-0: SINGLE (Line Drive, 8RS) Jorge Vázquez to third Herman Gilliland to second Runner from 3rd tries for Home, SAFE, no throw or cutoff
|
Batting: RHB Jim Unknown
|
0-0: Called Strike 0-1: Foul Ball, location: 2F 0-2: Ball 1-2: Strikes out swinging
|
Top of the 9th over - 2 run(s), 2 hit(s), 0 error(s), 2 left on base; Wichita 9 - Rappahannock 5 |
BOTTOM OF THE 9TH |
Rappahannock Partisans batting - Pitching for Wichita Outriders : LHP Jim Unknown
|
Batting: RHB Bill Taylor
|
0-0: Ball 1-0: Ball 2-0: Called Strike 2-1: Ball 3-1: Foul Ball, location: 2F 3-2: Base on Balls
|
Batting: LHB Alfonso López
|
0-0: Called Strike 0-1: Ball 1-1: SINGLE (Line Drive, 6D) Bill Taylor to second
|
Batting: RHB San-gui Liang
|
0-0: Ball 1-0: Ball 2-0: Called Strike 2-1: Swinging Strike 2-2: Ball 3-2: Fly out, F9 (Flyball, 89M) 3-2: Fly out, F9 (Flyball, 89M)
|
Batting: RHB José Mata
|
0-0: Ball 1-0: Called Strike 1-1: Swinging Strike 1-2: Strikes out looking
|
Batting: RHB Cipriano Oliveira
|
0-0: Called Strike 0-1: Called Strike 0-2: Ball 1-2: SINGLE (Groundball, 34D) Bill Taylor to third Alfonso López to second Runner from 3rd tries for Home, SAFE, no throw or cutoff
|
Batting: RHB Tom Baker
|
0-0: Ball 1-0: Ball 2-0: Ball 3-0: Called Strike 3-1: Called Strike 3-2: SINGLE (Line Drive, 5D) Alfonso López to third Cipriano Oliveira to second Alfonso López scores Cipriano Oliveira to third
|
Pitching: RHP Jim Unknown
|
|
Pinch Hitting: LHB Jim Unknown
|
0-0: Ball 1-0: Ball 2-0: DOUBLE (Flyball, 8RXD) Cipriano Oliveira scores Tom Baker to third Runner from 3rd tries for Home, SAFE, no throw or cutoff
|
Batting: LHB Miguel Mendoza
|
0-0: Fly out, F7 (Flyball, 7S)
|
Bottom of the 9th over - 4 run(s), 4 hit(s), 0 error(s), 1 left on base; Wichita 9 - Rappahannock 9 |
TOP OF THE 10TH |
Wichita Outriders batting - Pitching for Rappahannock Partisans : RHP Donald Hutchinson
|
Now at 2B: Jesús Murillo
|
|
Batting: RHB Christian O'Neal
|
0-0: Ball 1-0: Called Strike 1-1: Ball 2-1: SOLO HOME RUN (Flyball, 7LD), Distance : 377 ft
|
Batting: RHB Jim Unknown
|
0-0: Called Strike 0-1: Called Strike 0-2: Foul Ball, location: 2F 0-2: Ground out 5-3 (Groundball, 5)
|
Batting: RHB Jorge Rocha
|
0-0: Ball 1-0: Ball 2-0: Called Strike 2-1: Fly out, F9 (Flyball, 9M)
|
Batting: RHB Jorge Vázquez
|
0-0: Swinging Strike 0-1: Called Strike 0-2: Foul Ball, location: 2F 0-2: Ball 1-2: Ball 2-2: Ball 3-2: SOLO HOME RUN (Flyball, 8LXD), Distance : 428 ft
|
Pitching: LHP Monte Conner
|
|
Batting: SHB Jim Unknown
|
0-0: Ball 1-0: Ball 2-0: Fly out, F9 (Flyball, 9D)
|
Top of the 10th over - 2 run(s), 2 hit(s), 0 error(s), 0 left on base; Wichita 11 - Rappahannock 9 |
BOTTOM OF THE 10TH |
Rappahannock Partisans batting - Pitching for Wichita Outriders : RHP Jim Unknown
|
Batting: RHB Ángel Ruezga
|
0-0: Ball 1-0: SINGLE (Groundball, 56D)
|
Batting: RHB Bill Taylor
|
0-0: Called Strike 0-1: Ball 1-1: Ball 2-1: Ball 3-1: Called Strike 3-2: Fielders Choice at 2nd, 6-4 (Groundball, 6M)
|
Batting: LHB Alfonso López
|
0-0: Ball 1-0: Foul Ball, location: 2F 1-1: Called Strike 1-2: Ball 2-2: Fly out, F8 (Flyball, 8RD)
|
Batting: RHB San-gui Liang
|
0-0: SINGLE (Line Drive, 8LS) Bill Taylor to second
|
Pinch Hitting: RHB Colby Turner
|
0-0: Ball 1-0: Called Strike 1-1: Ball 2-1: Called Strike 2-2: 3-RUN HOME RUN (Flyball, 78XD), Distance : 426 ft
|
|